 Dungeon Crawl Stone Soup version 0.29-a0-925-g0a7a3d12f8 (webtiles) character file.

Game seed: 13704266282204936865

215 leavemydog the Chopper (level 5, -3/46 HPs)
             Began as a Hill Orc Fighter on July 28, 2022.
             Slain by Crazy Yiuf
             ... wielding a +3 quarterstaff of chaos
              (19 damage)
             ... on level 2 of the Dungeon.
             The game lasted 00:04:07 (2697 turns).

leavemydog the Chopper (Hill Orc Fighter)           Turns: 2697, Time: 00:04:08

Health: -3/46      AC:  8    Str: 19    XL:     5   Next: 92%
Magic:  5/5        EV:  9    Int: 10    God:
Gold:   84         SH:  4    Dex: 10    Spells: 4/4 levels left

rFire   . . .      SeeInvis .   a - +0 war axe
rCold   . . .      Faith    .   c - +0 buckler
rNeg    . . .      Spirit   .   b - +0 scale mail
rPois   .          Reflect  .   (no helmet)
rElec   .          Harm     .   (no cloak)
rCorr   .          Rampage  .   (no gloves)
Will    .....                   g - +0 pair of boots
Stlth   ..........              (no amulet)
HPRegen 0.15/turn               (no ring)
MPRegen 0.09/turn               (no ring)

@: no status effects
A: no striking features
a: no special abilities


You were on level 2 of the Dungeon.
You visited 1 branch of the dungeon, and saw 4 of its levels.

You collected 84 gold pieces.

Inventory:

Hand Weapons
 a - a +0 war axe (weapon)
Armour
 b - a +0 scale mail (worn)
 c - a +0 buckler (worn)
 g - a +0 pair of boots (worn)
Wands
 k - a wand of paralysis (7)
Scrolls
 e - 3 scrolls of teleportation
 i - 4 scrolls of identify
 l - a scroll of fog
Potions
 d - a potion of might
 f - a potion of lignification {unknown}
 h - a potion of resistance


   Skills:
 + Level 4.1 Fighting
 * Level 6.0 Axes
 + Level 4.4 Armour
 + Level 4.0 Shields


You had 4 spell levels left.
You didn't know any spells.
Your spell library contained the following spells:

 Spells                   Type           Power      Damage    Failure   Level
 Beastly Appendage        Tmut           0%         N/A       82%         1
 Wereblood                Tmut           0%         N/A       91%         2
 Spider Form              Tmut/Pois      0%         N/A       99%         3


Dungeon Overview and Level Annotations

Branches:
Dungeon (4/15)
 Temple: D:4-7

Altars:
Trog

Annotations:
D:2 Crazy Yiuf
D:4 1 runed translucent door, kobite's ghost, amateur GnWn


Message History

You completely miss the adder.
The adder is severely wounded.
The adder bites you but does no damage. The adder barely misses you.
You hit the adder.
The adder is almost dead.
You block the adder's attack.
You hit the adder.
You kill the adder!
Your Axes skill increases to level 6!
No target in view!
No target in view!
You see here a +0 club.
You see here a +0 morningstar.
Found 4 stones.
f - a fuming yellow potion
i - 4 scrolls of identify (gained 1)
Found a hammer.
Found a runed translucent door.
Found a stone staircase leading down.
You open the door.
Crazy Yiuf cries, "Rot head light!"
You hit Crazy Yiuf but do no damage. Crazy Yiuf barely misses you.
You hit Crazy Yiuf.
Crazy Yiuf is moderately wounded.
Crazy Yiuf barely misses you.
Crazy Yiuf hits you with a +3 quarterstaff of chaos!
You barely miss Crazy Yiuf.
Crazy Yiuf is moderately wounded.
Crazy Yiuf screams, "Pitchfork eyeball shoe!"
Crazy Yiuf hits you with a +3 quarterstaff of chaos.
You closely miss Crazy Yiuf.
Crazy Yiuf is moderately wounded.
Crazy Yiuf hits you with a +3 quarterstaff of chaos!
You are too injured to fight recklessly!
You are too injured to fight recklessly!
You are too injured to fight recklessly!
You slash Crazy Yiuf!
Crazy Yiuf is severely wounded.
Crazy Yiuf hits you with a +3 quarterstaff of chaos.
You are electrocuted!!
You die...

#....###.#
#....# #.#
♣....♣
#.##########
♣♣...♣
#...........
♣♣.♣♣
#########...
♣♣.♣ #...
♣.♣♣ #...
♣♣.♣ #...
♣@♣♣ ###.
#g# ##. ...
###.. #...#
#.... #)..#
........##.
#####
......####.
.....# ##
..?.> .....
.... #####


You could see Crazy Yiuf.

Vanquished Creatures
  A scorpion (D:4)
  Jessica (D:2)
  3 adders
  2 gnolls (D:3)
  An ufetubus (D:4)
  A worm (D:2)
  A dart slug (D:2)
  8 orcs
  4 endoplasms
  2 giant cockroaches (D:1)
  7 goblins
  4 hobgoblins
  6 jackals
  5 kobolds
  A quokka (D:2)
  6 ball pythons
  3 bats
  4 frilled lizards
  4 rats
64 creatures vanquished.

Notes
Turn   | Place    | Note
-------+----------+-------------------------------------------
     0 | D:1      | leavemydog the Hill Orc Fighter began the quest for the
                  | Orb.
     0 | D:1      | Reached XP level 1. HP: 19/19 MP: 1/1
   418 | D:1      | Reached skill level 3 in Axes
   418 | D:1      | Reached XP level 2. HP: 27/27 MP: 2/2
   674 | D:1      | Found a faded altar of an unknown god.
  1133 | D:2      | Reached XP level 3. HP: 33/33 MP: 3/3
  1318 | D:2      | Noticed Jessica
  1324 | D:2      | Found a bloodstained altar of Trog.
  1330 | D:2      | Killed Jessica
  1331 | D:2      | Reached skill level 4 in Axes
  1331 | D:2      | Reached XP level 4. HP: 40/40 MP: 4/4
  1484 | D:2      | You fall into a shaft and drop 2 floors!
  1568 | D:4      | Found a runed translucent door.
  1571 | D:4      | Noticed kobite's ghost (amateur GnWn)
  1572 | D:4      | Noticed a bullfrog
  1914 | D:4      | Noticed a scorpion
  1919 | D:4      | Killed a scorpion
  1920 | D:4      | Reached skill level 5 in Axes
  1920 | D:4      | Reached XP level 5. HP: 46/46 MP: 5/5
  2158 | D:3      | HP: 2/46 [orc/+0 flail of holy wrath (1)]
  2577 | D:2      | Reached skill level 6 in Axes
  2628 | D:2      | Found a runed translucent door.
  2629 | D:2      | Noticed Crazy Yiuf
  2697 | D:2      | Slain by Crazy Yiuf

Illustrated notes

Levels and vault maps discovered:
D:1:      lightli_arrival_flooded_house, layout_loops_corners,
          dilly_ecumenical_altar_fadedgnrine
D:2:      minmay_general_purpose_star, layout_basic, basic_altar,
          kennysheep_generic_room_13, uniq_crazy_yiuf_cottage, uniq_jessica
D:3:      layout_rooms
D:4:      layout_loops_ring, lemuel_round_altar, ebering_ghost_sewer_f

Skill      XL: |  1  2  3  4  5 |
---------------+----------------+-----
Axes           | 3 4 5 6 |  6.0
Fighting       | 4 |  4.1
Armour         | 4 |  4.4
Shields        | 4 |  4.0

Action                   |  1- 3 |  4- 6 || total
-------------------------+-------+-------++-------
Melee: War axe           |    78 |   151 ||   229
  Use: Potion            |       |     3 ||     3
       Scroll            |       |     2 ||     2
Armor: Scale mail        |    53 |    96 ||   149
Dodge: Dodged            |    61 |   137 ||   198
Block: Buckler           |    32 |    57 ||    89

Table legend: (Time is in decaauts)
 A = Elapsed time spent in this place.
 B = Non-inter-level travel time spent in this place.
 C = Inter-level travel time spent in this place.
 D = Time resting spent in this place.
 E = Time spent auto-exploring this place.
 F = Levels seen in this place.
 G = Mean time per level.
                   A        B        C        D        E       F      G
               +--------+--------+--------+--------+--------+-----+--------+
         Total |   2770 |   2724 |     46 |    652 |   1526 |   4 |  692.5 |
       Dungeon |   2770 |   2724 |     46 |    652 |   1526 |   4 |  692.5 |
               +--------+--------+--------+--------+--------+-----+--------+

Top non-repeatable levels by time:
     D:1: 1152 daAuts
     D:2: 899 daAuts
     D:4: 474 daAuts
     D:3: 244 daAuts
